 Dungeon Crawl Stone Soup version 0.26-a0-1107-g6118521029 (webtiles) character file.

Game seed: 1740701375101551637

60 Dracia the Distorting Demonspawn (level 3, -1/29 HPs)
             Began as a Demonspawn Abyssal Knight on Dec 16, 2020.
             Was a Believer of Lugonu.
             Slain by a killer bee zombie (7 damage)
             ... on level 3 of the Dungeon.
             The game lasted 00:03:05 (2022 turns).

Dracia the Distorting Demonspawn (DsAK)             Turns: 2022, Time: 00:03:06

Health: -1/29      AC:  5    Str: 13    XL:     3   Next: 80%
Magic:  5/5        EV: 10    Int: 13    God:    Lugonu [**....]
Gold:   155        SH:  0    Dex: 12    Spells: 2/2 levels left

rFire    . . .     SeeInvis .   a - +1 falchion
rCold    . . .     Faith    .   i - +0 buckler
rNeg     . . .     Spirit   .   b - +0 leather armour
rPois    +         Reflect  .   (no helmet)
rElec    .         Harm     .   j - scarf {repulsion}
rCorr    .         Rampage  .   (no gloves)
Will     .....                  (no boots)
Stlth    +.........             (no amulet)
HPRegen  0.09/turn              P - ring of poison resistance
MPRegen  0.09/turn              (no ring)

@: confused, repel missiles
A: slimy green scales 1
a: Depart the Abyss, Bend Space, Renounce Religion


You were on level 3 of the Dungeon.
You worshipped Lugonu.
Lugonu was pleased with you.
You visited 1 branch of the dungeon, and saw 3 of its levels.
You visited the Abyss 1 time.

You collected 155 gold pieces.


Innate Abilities, Weirdness & Mutations

You are partially covered in slimy green scales. (AC +2)


   Skills:
 - Level 3.0 Fighting
 + Level 2.7 Long Blades
 - Level 1.7 Armour
 - Level 0.8 Dodging
 * Level 1.1 Shields
 + Level 3.9 Invocations


You had 2 spell levels left.
You didn't know any spells.
Your spell library was empty.

Inventory:

Hand Weapons
 a - a +1 falchion (weapon)
Missiles
 m - 2 poisoned darts
Armour
 b - a +0 leather armour (worn)
 i - a +0 buckler (worn)
 j - a scarf of repulsion (worn)
Jewellery
 c - an uncursed amulet of inaccuracy
 P - a ring of poison resistance (left hand)
Scrolls
 e - 3 scrolls of identify {unknown}
 k - 3 scrolls of enchant weapon {unknown}
 l - a scroll of noise {unknown}
Potions
 d - 2 potions of lignification {unknown}
 f - a potion of heal wounds {unknown}
 n - a potion of flight {unknown}

Dungeon Overview and Level Annotations

Branches:
Dungeon (3/15)

Altars:
Qazlal
Zin

.... ..... .....
.....########
............#
...[........#
#.........#
#.......Z.#
#........@######
###..._.....#.....
......8.........>.
###..._.....#....
.. ##......).#....
#.# #........# (.
.. #........#....
#.##.........# ###
#..#.........#


You could see a killer bee zombie.


Message History

The killer bee zombie hits you!
* * * LOW HITPOINT WARNING * * *
Unknown command.
You feel better.
The killer bee zombie barely misses you.
You riposte.
You miss the killer bee zombie.
The killer bee zombie is severely damaged.
The killer bee zombie hits you!
* * * LOW HITPOINT WARNING * * *
Okay, then.
Use which ability? (? or * to list) Space bends around you!
You blink.
You block the killer bee zombie's attack.
Use which ability? (? or * to list)
You don't have enough health at the moment.
Unknown command.
The killer bee zombie misses you.
You riposte.
You closely miss the killer bee zombie.
The killer bee zombie is severely damaged.
The killer bee zombie closely misses you.
Found 20 stones.
It was a potion of ambrosia.
You are confused.
You feel invigorated.
The killer bee zombie completely misses you.
The killer bee zombie hits you.
* * * LOW HITPOINT WARNING * * *
You bump into the rock wall.
The killer bee zombie hits you!
You die...

Skill      XL: |  1  2  3 |
---------------+----------+-----
Long Blades    | 2 |  2.7
Invocations    | 3 |  3.9
Shields        | 1 |  1.1
Fighting       | |  3.0
Armour         | |  1.7
Dodging        | |  0.8

Action                   || total
-------------------------++-------
Melee: Falchion          ||   127
Invok: Bend Space        ||     1
  Use: Scroll            ||     1
       Potion            ||     4
Armor: Leather armour    ||    61
Dodge: Dodged            ||    92
       Repelled          ||     1
Block: Buckler           ||    15
       Rpst.: Falchion   ||    33

Levels and vault maps discovered:
D:1:      dpeg_arrival_another_circle, layout_loops_corners, minmay_tetromino_o2
D:2:      layout_basic
D:3:      layout_basic, chequers_temple_overflow_statue_of_worship, minivault_24

Notes
Turn   | Place    | Note
-------+----------+-------------------------------------------
     0 | Abyss:1  | Dracia the Demonspawn Abyssal Knight began the quest for
                  | the Orb.
     0 | Abyss:1  | Reached XP level 1. HP: 18/18 MP: 2/2
     5 | D:1      | You pass through the gate.
     5 | D:1      | Escaped the Abyss
   138 | D:1      | Reached skill level 2 in Long Blades
   226 | D:1      | Reached skill level 3 in Invocations
   226 | D:1      | Gained mutation: You are partially covered in slimy green
                  | scales. (AC +2) [demonic ancestry]
   226 | D:1      | Reached XP level 2. HP: 24/24 MP: 2/4
  1080 | D:2      | Reached ** piety under Lugonu
  1081 | D:2      | Reached XP level 3. HP: 14/29 MP: 5/5
  1360 | D:2      | Identified a potion of resistance
  1707 | D:2      | Reached skill level 1 in Shields
  1994 | D:3      | Found a glowing silver altar of Zin.
  1996 | D:3      | Found a stormy altar of Qazlal.
  2015 | D:3      | HP: 2/29 [killer bee zombie (7)]
  2021 | D:3      | HP: 2/29 [killer bee zombie (4)]
  2022 | D:3      | Slain by a killer bee zombie

Vanquished Creatures
  2 adders (D:2)
  A dart slug (D:1)
  6 bats
  A giant cockroach (D:1)
  7 goblins
  6 hobgoblins
  2 ball pythons
  2 frilled lizards
  7 kobolds
  6 rats
40 creatures vanquished.

Table legend: (Time is in decaauts)
 A = Elapsed time spent in this place.
 B = Non-inter-level travel time spent in this place.
 C = Inter-level travel time spent in this place.
 D = Time resting spent in this place.
 E = Time spent auto-exploring this place.
 F = Levels seen in this place.
 G = Mean time per level.
                   A        B        C        D        E       F      G
               +--------+--------+--------+--------+--------+-----+--------+
         Total |   2045 |   2026 |     19 |    414 |   1284 |   4 |  511.2 |
       Dungeon |   2040 |   2021 |     19 |    414 |   1283 |   3 |  680.0 |
         Abyss |      5 |      5 |      0 |      0 |      1 |   1 |    5.0 |
               +--------+--------+--------+--------+--------+-----+--------+

Top non-repeatable levels by time:
     D:1: 1059 daAuts
     D:2: 885 daAuts
     D:3: 95 daAuts
 Abyss:1: 5 daAuts

Table legend:
 A = Non-vault XP
 B = Vault XP
 C = Vault XP percentage of total XP
 D = Non-vault monster count
 E = Vault monster count
 F = Vault count percentage of total count
                 A         B        C        D         E       F
            +---------+---------+-------+---------+---------+-------
      Total |      85 |       1 |   1.2 |      39 |       1 |   2.5
            +---------+---------+-------+---------+---------+-------
        D:1 |      27 |       1 |   3.6 |      16 |       1 |   5.9
        D:2 |      48 |       0 |   0.0 |      17 |       0 |   0.0
        D:3 |      10 |       0 |   0.0 |       6 |       0 |   0.0
            +---------+---------+-------+---------+---------+-------
